 Dungeon Crawl Stone Soup version 0.31.0-9-g3a7656b989 (webtiles) character file.

Game seed: 559514038139417403

211 qw the Ducker (level 5, -2/26 HPs)
             Began as a Spriggan Hunter on Feb 3, 2024.
             Slain by a gnoll
             ... wielding a +0 spear
              (5 damage)
             ... on level 3 of the Dungeon.
             The game lasted 00:00:08 (1657 turns).

qw the Ducker (Spriggan Hunter)                     Turns: 1657, Time: 00:00:09

Health: -2/26      AC:  2    Str:  7    XL:     5   Next: 57%
Magic:  6/6        EV: 21    Int: 11    God:
Gold:   95         SH:  0    Dex: 20    Spells: 4/4 levels left

rFire   . . .        a - +0 shortbow
rCold   . . .        (shield currently unavailable)
rNeg    . . .        c - +0 robe
rPois   .            (helmet restricted)
rElec   .            (no cloak)
rCorr   .            (gloves unavailable)
SInv    +            (boots unavailable)
Will    .....        b - amulet of the acrobat
Stlth   ++           (no ring)
HPRegen 0.24/turn    (no ring)
MPRegen 0.10/turn

%: acrobat
@: about to teleport, very quick
A: very small, no large weapons, unfitting armour, see invisible, speed 3
a: no special abilities


You were on level 3 of the Dungeon.
You visited 1 branch of the dungeon, and saw 3 of its levels.

You collected 95 gold pieces.


Innate Abilities, Weirdness & Mutations

You are very small and have problems with some larger weapons.
You are too small for most types of armour.
You have supernaturally acute eyesight. (SInv)
You cover ground extremely quickly. (Speed+++)


   Skills:
 - Level 2.1 Fighting
 + Level 5.4 Ranged Weapons
 - Level 5.6 Dodging
 - Level 1.5 Stealth


You had 4 spell levels left.
You didn't know any spells.
Your spell library was empty.

Inventory:

Hand Weapons
 a - a +0 shortbow (weapon)
Armour
 c - a +0 robe (worn)
Jewellery
 b - an amulet of the acrobat (around neck)
Scrolls
 e - a scroll of identify
 h - a scroll of teleportation
Potions
 d - 2 potions of curing

Dungeon Overview and Level Annotations

Branches:
Dungeon (3/15)

Altars:


Message History

You shoot an arrow. The arrow hits the ribbon worm.
The ribbon worm is moderately wounded.
The gnoll misses you. The ribbon worm bites you!
You shoot an arrow. The arrow hits the ribbon worm!
The ribbon worm is almost dead.
The gnoll barely misses you.
The ribbon worm expels a string of sticky webbing.
The stream of webbing hits you but does no damage.
You are caught in a web!
You struggle to detach yourself from the web.
The gnoll misses you.
The web tears apart.
The ribbon worm barely misses you.
The gnoll hits you from afar with a +0 spear!
A gnoll comes into view. It is wielding a +0 flail.
You shoot an arrow. The gnoll shouts!
The arrow hits the ribbon worm.
The ribbon worm is severely wounded.
You hear an angry hiss.
You hear a shout!
The gnoll misses you. The ribbon worm closely misses you.
You shoot an arrow. The arrow hits the ribbon worm.
The ribbon worm is almost dead.
The gnoll completely misses you. The ribbon worm completely misses you.
You shoot an arrow. The arrow hits the ribbon worm.
You kill the ribbon worm!
The gnoll barely misses you.
You shoot an arrow. The arrow barely misses the gnoll.
The gnoll completely misses you.
You shoot an arrow. The arrow barely misses the gnoll.
The gnoll completely misses you.
The gnoll hits you from afar with a +0 spear.
You shoot an arrow. The arrow barely misses the gnoll.
The gnoll hits you from afar with a +0 spear.
The gnoll misses you.
1657 ||| READING 2 scrolls of teleportation.
As you read the scroll of teleportation, it crumbles to dust.
You feel strangely unstable.
The gnoll hits you from afar with a +0 spear.
You die...

.. .. . #. # #. # #.
#g #%### #g@.## #.#
#.##..### .... #.
##...## #...
#.....###..#########..
.. #.................
#. ######..###### #..
. ##.###### #..
#.....<###..
######.....#


You could see 2 gnolls.

Vanquished Creatures
  A scorpion (D:3)
  A bombardier beetle (D:3)
  Jessica (D:2)
  An adder (D:3)
  3 dart slugs
  2 ribbon worms
  7 orcs
  4 endoplasms
  4 giant cockroaches
  6 goblins
  6 hobgoblins
  7 kobolds
  4 quokkas
  7 ball pythons
  8 bats
  3 frilled lizards (D:1)
  7 rats
72 creatures vanquished.

Notes
Turn   | Place    | Note
-------+----------+-------------------------------------------
     0 | D:1      | qw the Spriggan Hunter began the quest for the Orb.
     0 | D:1      | Reached XP level 1. HP: 10/10 MP: 2/2
     0 | D:1      | 0 ||| qw: Version: 0.3-a-155-g5e7d8dd
     0 | D:1      | 0 ||| qw: Game counter: 3012
     0 | D:1      | 0 ||| qw: Melee chars always use a shield: true
     0 | D:1      | 0 ||| qw: God list: Okawaru
     0 | D:1      | 0 ||| qw: Allow faded altars: false
     0 | D:1      | 0 ||| qw: Do Orc after clearing Dungeon:15 true
     0 | D:1      | 0 ||| qw: Do second Lair branch before Depths: true
     0 | D:1      | 0 ||| qw: Lair rune preference: random
     0 | D:1      | 0 ||| qw: Goals: Normal
     0 | D:1      | 0 ||| PLANNING D:1-11
    50 | D:1      | Reached skill level 3 in Dodging
    90 | D:1      | Reached XP level 2. HP: 14/14 MP: 3/3
   523 | D:1      | Reached XP level 3. HP: 16/18 MP: 4/4
   694 | D:1      | 694 ||| READING scroll labelled BEISEC MUUSO.
   695 | D:1      | 695 ||| READING scroll labelled PEOGIG SOLA.
   695 | D:1      | 695 ||| IDENTIFYING emerald potion
   696 | D:1      | 696 ||| READING scroll labelled VATUAC ONAFY.
   697 | D:1      | 697 ||| READING scroll labelled DOUSEI CECUA.
   702 | D:1      | 702 ||| DRINKING 2 white potions.
   703 | D:1      | 703 ||| DROPPING scroll of butterflies.
   784 | D:2      | Noticed Jessica
   786 | D:2      | Killed Jessica
   810 | D:2      | Reached XP level 4. HP: 22/22 MP: 5/5
   931 | D:2      | 931 ||| FLEEEEING.
   932 | D:2      | 932 ||| FLEEEEING.
   934 | D:2      | 934 ||| FLEEEEING.
   935 | D:2      | 935 ||| FLEEEEING.
   936 | D:2      | 936 ||| FLEEEEING.
   938 | D:2      | 938 ||| FLEEEEING.
   939 | D:2      | 939 ||| FLEEEEING.
   940 | D:2      | 940 ||| FLEEEEING.
  1239 | D:2      | 1239 ||| UPGRADING to amulet of the acrobat.
  1244 | D:2      | 1244 ||| READING 2 scrolls of identify.
  1244 | D:2      | 1244 ||| IDENTIFYING fizzy grey potion
  1245 | D:2      | 1245 ||| READING scroll of identify.
  1245 | D:2      | 1245 ||| IDENTIFYING green potion
  1246 | D:2      | 1246 ||| DROPPING potion of degeneration.
  1247 | D:2      | 1247 ||| DROPPING potion of attraction.
  1252 | D:3      | Noticed a scorpion
  1253 | D:3      | 1253 ||| PLANNING SEWER
  1253 | D:3      | 1253 ||| DRINKING potion of haste.
  1265 | D:3      | Killed a scorpion
  1266 | D:3      | Reached XP level 5. HP: 14/25 MP: 6/6
  1316 | D:3      | 1316 ||| STAIRDANCE
  1349 | D:3      | 1349 ||| STAIRDANCE
  1367 | D:3      | 1367 ||| STAIRDANCE
  1372 | D:3      | 1372 ||| STAIRDANCE
  1382 | D:3      | 1382 ||| STAIRDANCE
  1401 | D:3      | 1401 ||| STAIRDANCE
  1526 | D:3      | Found a faded altar of an unknown god.
  1656 | D:3      | HP: 3/26 [gnoll/+0 spear (4)]
  1657 | D:3      | 1657 ||| READING 2 scrolls of teleportation.
  1657 | D:3      | Slain by a gnoll

Levels and vault maps discovered:
D:1:      roderic_dead_forest, layout_loops_ring,
          corexii_item_surrounded_by_moat
D:2:      layout_basic, uniq_jessica
D:3:      layout_rooms, nicolae_overflow_ecumenical_swirl,
          worldfamousw_hep_ancestral_shrine,
          hellmonk_ecumenical_altar_inner_sanctum, gup_sewer_entry_glass,
          minmay_cut_off, uniq_crazy_yiuf_cottage, uniq_terence

Skill      XL: |  1  2  3  4  5 |
---------------+----------------+-----
Dodging        | 3 4 5 |  5.6
Ranged Weapons | 5 |  5.4
Fighting       | 2 |  2.1
Stealth        | |  1.5

Action                     |  1- 3 |  4- 6 || total
---------------------------+-------+-------++-------
   Fire: Shortbow          |    98 |   130 ||   228
    Use: Scroll            |     4 |     3 ||     7
         Potion            |     1 |     1 ||     2
 Armour: Robe              |    12 |    23 ||    35
  Dodge: Dodged            |    52 |    72 ||   124

Table legend:
 A = Non-vault XP
 B = Vault XP
 C = Vault XP percentage of total XP
 D = Non-vault monster count
 E = Vault monster count
 F = Vault count percentage of total count
                 A         B        C        D         E       F
            +---------+---------+-------+---------+---------+-------
      Total |     263 |      39 |  12.9 |      70 |       2 |   2.8
            +---------+---------+-------+---------+---------+-------
        D:1 |      48 |       0 |   0.0 |      29 |       0 |   0.0
        D:2 |      46 |      37 |  44.6 |      24 |       1 |   4.0
        D:3 |     169 |       2 |   1.2 |      17 |       1 |   5.6
            +---------+---------+-------+---------+---------+-------
